 Dungeon Crawl Stone Soup version 0.31-a0-185-g9dded2c639 (webtiles) character file.

Game seed: 3127900207997259206

161 qw the Skirmisher (level 5, -1/29 HPs)
             Began as a Deep Elf Hunter on June 22, 2023.
             Slain by Natasha (5 damage)
             ... on level 4 of the Dungeon.
             The game lasted 00:00:57 (2421 turns).

qw the Skirmisher (Deep Elf Hunter)                 Turns: 2421, Time: 00:00:58

Health: -1/29      AC:  7    Str: 10    XL:     5   Next: 19%
Magic:  7/7        EV:  8    Int: 14    God:
Gold:   157        SH:  0    Dex: 18    Spells: 4/4 levels left

rFire   . . .        Y - +1 shortbow (flame)
rCold   + . .        (shield currently unavailable)
rNeg    . . .        f - +0 ring mail
rPois   .            (no helmet)
rElec   .            (no cloak)
rCorr   .            b - +0 pair of gloves
SInv    .            (no boots)
Will    .....        (no amulet)
Stlth   +            (no ring)
HPRegen 0.24/turn    (no ring)
MPRegen 0.10/turn

%: no passive effects
@: constricted
A: cold resistance 1, shaggy fur 1
a: no special abilities


You were on level 4 of the Dungeon.
You visited 1 branch of the dungeon, and saw 4 of its levels.

You collected 157 gold pieces.


Innate Abilities, Weirdness & Mutations

Your flesh is cold resistant. (rC+)
You are covered in fur. (AC +1)


   Skills:
 - Level 1.5 Fighting
 + Level 8.6 Ranged Weapons
 - Level 2.4 Dodging
 - Level 1.2 Stealth


You had 4 spell levels left.
You didn't know any spells.
Your spell library was empty.

Inventory:

Hand Weapons
 Y - a +1 shortbow of flaming (weapon)
Armour
 b - a +0 pair of gloves (worn)
 f - a +0 ring mail (worn)
Scrolls
 a - 2 scrolls of identify
Potions
 d - a potion of curing
 g - a potion of mutation
 i - a potion of might

Dungeon Overview and Level Annotations

Branches:
Dungeon (4/15)
 Temple: D:4-7

Altars:
Wu Jian
Zin

Shops:
D:2 (

Annotations:
D:2 exclusion: hobgoblin
D:4 Natasha


Message History

You shoot an arrow. The arrow barely misses Natasha.
The cerulean imp closely misses you. Natasha claws you.
The cerulean imp hits you with a +0 spear.
You shoot an arrow. The arrow closely misses Natasha.
The cerulean imp barely misses you. Natasha claws you.
The cerulean imp closely misses you.
You shoot an arrow. The arrow barely misses Natasha.
The cerulean imp closely misses you. Natasha claws you but does no damage.
The cerulean imp hits you but does no damage. x2
You shoot an arrow. The arrow barely misses Natasha.
Natasha closely misses you. The cerulean imp misses you.
The cerulean imp completely misses you.
You shoot an arrow.
The arrow hits Natasha but does no damage.
Natasha is heavily wounded.
Natasha claws you. The cerulean imp barely misses you.
The cerulean imp hits you but does no damage.
You shoot an arrow. The arrow barely misses Natasha.
Natasha claws you.
The cerulean imp hits you but does no damage.
The ball python bites you but does no damage.
The ball python closely misses you. The cerulean imp closely misses you.
You shoot an arrow. The arrow hits Natasha.
The arrow burns Natasha.
Natasha is heavily wounded.
The ball python bites you but does no damage.
The ball python closely misses you. Natasha completely misses you.
The cerulean imp hits you but does no damage. x2
You shoot an arrow.
The arrow hits Natasha but does no damage.
Natasha is heavily wounded.
The ball python bites you but does no damage.
The ball python closely misses you. Natasha claws you.
The cerulean imp hits you but does no damage. x2
The ball python barely misses you. The ball python grabs you.
The ball python constricts you.
You shoot an arrow. The arrow hits the ball python.
The arrow burns the ball python.
The ball python is heavily wounded.
Natasha claws you.
You die...

... .. ####### .
#. #<....# ..
#.##.#...### ...
#....#.....#
....
#.........##
.....#......#.##
.....5%5..###.#
......h@..# ##
#.##.#S...#
#..#$..#
...###.## .....
### .#.. #. ..


You could see Natasha, 2 cerulean imps and a ball python.

Vanquished Creatures
  A howler monkey (D:4)
  3 adders
  A worm (D:3)
  4 dart slugs
  6 orcs (D:3)
  4 bats
  2 endoplasms
  2 giant cockroaches
  2 goblins
  5 hobgoblins
  3 jackals (D:1)
  5 kobolds
  5 quokkas
  7 ball pythons
  4 frilled lizards
  32 rats
86 creatures vanquished.

Notes
Turn   | Place    | Note
-------+----------+-------------------------------------------
     0 | D:1      | qw the Deep Elf Hunter began the quest for the Orb.
     0 | D:1      | Reached XP level 1. HP: 12/12 MP: 3/3
     0 | D:1      | 0 ||| qw: Version: 0.3-a-9-g12657ce
     0 | D:1      | 0 ||| qw: Game counter: 1816
     0 | D:1      | 0 ||| qw: Always use a shield: true
     0 | D:1      | 0 ||| qw: God list: Okawaru
     0 | D:1      | 0 ||| qw: Allow faded altars: false
     0 | D:1      | 0 ||| qw: Do Orc after D:15 true
     0 | D:1      | 0 ||| qw: Do second Lair branch before Depths: true
     0 | D:1      | 0 ||| qw: Lair rune preference: random
     0 | D:1      | 0 ||| qw: Plans: Normal
     0 | D:1      | 0 ||| PLANNING D:1-11
   132 | D:1      | Reached XP level 2. HP: 16/16 MP: 4/4
   201 | D:1      | Reached skill level 6 in Ranged Weapons
   367 | D:1      | Reached XP level 3. HP: 17/20 MP: 5/5
   508 | D:1      | 508 ||| UPGRADING to +0 ring mail.
   518 | D:1      | 518 ||| DROPPING +0 leather armour.
   519 | D:1      | 519 ||| READING 2 scrolls labelled PAERYSS VEXOTT.
   520 | D:1      | 520 ||| READING scroll labelled ALEORU XEUG.
   521 | D:1      | 521 ||| DRINKING 2 blue potions.
   522 | D:1      | 522 ||| DROPPING scroll of butterflies.
   648 | D:2      | Found a faded altar of an unknown god.
   649 | D:2      | 649 ||| READING scroll labelled FAPLIS YNAUPN.
   830 | D:2      | Found Nunan's Weapon Boutique.
   937 | D:2      | Reached skill level 7 in Ranged Weapons
  1491 | D:2      | 1491 ||| UPGRADING to +0 pair of gloves.
  1496 | D:2      | 1496 ||| READING 3 scrolls labelled BUGOEN KULUNAI.
  1497 | D:2      | 1497 ||| READING scroll labelled TOMUSU JACICAPN.
  1501 | D:2      | 1501 ||| DROPPING 2 scrolls of noise.
  1570 | D:3      | Reached XP level 4. HP: 25/25 MP: 6/6
  1760 | D:3      | Found an ornate altar of the Wu Jian Council.
  1779 | D:3      | 1779 ||| READING scroll labelled TIQOMA ASUL.
  1860 | D:3      | Found a glowing silver altar of Zin.
  2080 | D:3      | Reached skill level 8 in Ranged Weapons
  2350 | D:3      | 2350 ||| DROPPING +6 ring of intelligence.
  2351 | D:3      | 2351 ||| READING scroll labelled PUAXKI ZERASEU.
  2352 | D:3      | 2352 ||| DRINKING 2 puce potions.
  2352 | D:3      | Gained mutation: Your flesh is cold resistant. (rC+)
                  | [potion of mutation]
  2352 | D:3      | Gained mutation: You are covered in fur. (AC +1) [potion of
                  | mutation]
  2353 | D:3      | 2353 ||| DRINKING 2 sedimented yellow potions.
  2354 | D:3      | 2354 ||| READING 3 scrolls of identify.
  2354 | D:3      | 2354 ||| IDENTIFYING black potion
  2355 | D:3      | 2355 ||| DROPPING potion of brilliance.
  2399 | D:4      | Noticed Natasha
  2401 | D:4      | Reached XP level 5. HP: 29/29 MP: 7/7
  2417 | D:4      | HP: 7/29 [Natasha (3)]
  2421 | D:4      | Slain by Natasha

Levels and vault maps discovered:
D:1:      tarquinn_simple_flora_water_a, layout_basic, minmay_rat_gold_closets
D:2:      layout_loops_ring, shapermc_ecumenical_altar_ellora, serial_shops,
          nicolae_shop_bloodbath_and_beyond, minmay_rat_hole, uniq_robin
D:3:      layout_loops_ring, amcnicky_altar_gilded, zin_treasury,
          supply_closet_lemuel, kennysheep_pointless_box
D:4:      minmay_angry_zag, layout_cave_pools, gammafunk_ghost_smash,
          uniq_natasha

Skill      XL: |  1  2  3  4 |
---------------+-------------+-----
Ranged Weapons | 6 7 8 |  8.6
Fighting       | |  1.5
Dodging        | |  2.4
Stealth        | |  1.2

Action                     |  1- 3 |  4- 6 || total
---------------------------+-------+-------++-------
   Fire: Shortbow          |   125 |    94 ||   219
    Use: Scroll            |     5 |     3 ||     8
         Potion            |     1 |     2 ||     3
 Armour: Leather armour    |     7 |       ||     7
         Ring mail         |     9 |    33 ||    42
  Dodge: Dodged            |    36 |    51 ||    87

Table legend:
 A = Non-vault XP
 B = Vault XP
 C = Vault XP percentage of total XP
 D = Non-vault monster count
 E = Vault monster count
 F = Vault count percentage of total count
                 A         B        C        D         E       F
            +---------+---------+-------+---------+---------+-------
      Total |     201 |      30 |  13.0 |      58 |      28 |  32.6
            +---------+---------+-------+---------+---------+-------
        D:1 |      36 |       8 |  18.2 |      18 |       8 |  30.8
        D:2 |      17 |      22 |  56.4 |      11 |      20 |  64.5
        D:3 |      77 |       0 |   0.0 |      25 |       0 |   0.0
        D:4 |      71 |       0 |   0.0 |       4 |       0 |   0.0
            +---------+---------+-------+---------+---------+-------
